Map: Dusk Towers

Players

ILLBdA - Winner!

  • Race: Protoss Protoss
  • League: Diamond

Starless

  • Race: Zerg Zerg
  • League: Diamond

VOD

Have the link to the VOD?

Description

Time

  • Played on: Jan. 2, 2016, 6:52 a.m.
  • Length: 7:24
Show
View Real Time Build Order
Export as new Build Order

ILLBdA Protoss - Winner!

Build Orders: Nexus First 

Get SALT Encoding   

  12  0:01  Probe (Chrono Boost)  
  13  0:11  Probe (Chrono Boost)  
  14  0:19  Pylon  
  14  0:23  Probe (Chrono Boost)  
  15  0:37  Probe (Chrono Boost)  
  16  0:48  Probe (Chrono Boost)  
  17  0:57  Nexus  
  17  1:07  Gateway  
  17  1:11  Probe (Chrono Boost)  
  18  1:21  Probe (Chrono Boost)  
  18  1:24  Assimilator  
  19  1:29  Assimilator  
  19  1:33  Gateway  
  19  1:37  Probe (Chrono Boost)  
  20  1:47  Probe (Chrono Boost)  
  21  1:56  Cybernetics Core  
  21  1:58  Probe (Chrono Boost)  
  22  2:09  Probe (Chrono Boost)  
  23  2:16  Probe (Chrono Boost)  
  23  2:19  Probe (Chrono Boost)  
  25  2:26  Probe (Chrono Boost)  
  25  2:29  Probe (Chrono Boost)  
  27  2:33  Adept x2 (Chrono Boost)  
  27  2:34  Warp Gate  
  31  2:37  Probe (Chrono Boost)  
  31  2:41  Mothership Core (Chrono Boost), Pylon  
  34  2:49  Probe (Chrono Boost)  
  35  3:00  Probe (Chrono Boost)  
  35  3:02  Robotics Facility  
  36  3:07  Adept x2  
  36  3:09  Probe (Chrono Boost)  
  36  3:10  Probe (Chrono Boost)  
  42  3:22  Probe (Chrono Boost)  
  42  3:25  Pylon  
  43  3:37  Probe (Chrono Boost)  
  43  3:39  Sentry  
  43  3:41  Pylon  
  46  3:45  Gateway  
  46  3:48  Gateway  
  46  3:50  Gateway  
  46  3:51  Gateway  
  46  3:57  Warp Prism (Chrono Boost)  
  46  4:00  Probe (Chrono Boost)  
  46  4:02  Sentry  
  51  4:09  Sentry  
  53  4:11  Pylon  
  53  4:12  Probe  
  53  4:16  Probe  
  54  4:21  Gateway  
  55  4:25  Probe  
  55  4:26  Gateway  
  56  4:44  Immortal (Chrono Boost)  
  60  4:53  Adept x5  
  60  4:55  Pylon  
  60  4:58  Pylon  
  70  5:20  Immortal (Chrono Boost), Zealot x2  
  78  5:23  Zealot x3  
  84  5:38  Pylon x2  
  84  5:45  Pylon  
  86  6:11  Zealot x3  
  86  6:12  Zealot x2  
  86  6:13  Zealot  
  98  6:25  Adept x2  
  102  6:27  Immortal  
  102  6:30  Pylon  
  88  6:40  Adept x2  
  88  6:50  Adept x2  
  88  6:51  Adept x4  
Show
View Real Time Build Order
Export as new Build Order

Starless Zerg 

Build Orders: 3 Hatch before Pool 

Get SALT Encoding   

  12  0:01  Drone  
  13  0:08  Drone  
  14  0:17  Overlord  
  14  0:35  Drone x3  
  17  0:46  Drone  
  18  0:58  Hatchery  
  17  1:23  Hatchery  
  16  1:28  Drone x3  
  19  1:42  Spawning Pool  
  19  1:45  Extractor  
  17  1:50  Overlord  
  17  1:53  Drone  
  18  2:01  Drone  
  19  2:19  Drone x2  
  22  2:22  Drone  
  22  2:23  Drone  
  22  2:29  Queen  
  25  2:32  Queen  
  27  2:40  Drone x2  
  29  2:46  Metabolic Boost  
  29  2:49  Spore Crawler  
  28  2:52  Spore Crawler  
  27  2:59  Drone  
  27  3:02  Drone x2  
  30  3:08  Drone x2  
  30  3:09  Drone  
  33  3:14  Zergling x2  
  33  3:19  Drone x3  
  37  3:25  Queen  
  39  3:33  Lair  
  39  3:40  Zergling x6  
  42  3:43  Overlord  
  42  3:47  Overlord  
  42  4:01  Overlord  
  42  4:02  Zergling x2  
  43  4:03  Zergling x12  
  49  4:14  Drone x3  
  52  4:17  Extractor  
  52  4:19  Extractor  
  52  4:20  Drone, Extractor  
  52  4:22  Drone x2  
  48  4:42  Roach Warren  
  48  4:45  Drone x4  
  50  4:53  Overlord x2  
  50  4:55  Drone  
  50  4:56  Drone x2  
  50  4:57  Drone x3  
  56  5:13  Zergling x8  
  56  5:14  Zergling x8  
  63  5:16  Drone  
  62  5:21  Glial Reconstitution  
  62  5:23  Drone x2  
  62  5:24  Drone  
  65  5:30  Spine Crawler  
  65  5:31  Drone  
  65  5:37  Drone x4  
  65  5:38  Drone x3  
  72  5:43  Drone  
  72  5:44  Spine Crawler  
  72  5:47  Drone  
  72  5:48  Spore Crawler  
  72  5:51  Roach x2  
  72  5:52  Roach  
  72  5:54  Overlord  
  73  6:04  Roach  
  73  6:05  Roach x3  
  80  6:12  Overlord  
  80  6:13  Spine Crawler  
  80  6:14  Spine Crawler  
  80  6:18  Roach x3  
  82  6:22  Roach  
  82  6:25  Roach  
  88  6:28  Roach  
  88  6:31  Roach  
  88  6:32  Roach x2  
  92  6:33  Roach  
Tags
 
Add a new tag
Caveats
  • Supply blocks, unpowered buildings, or Contaminate may cause inaccurate times.
  • Supply counts are checked every 10 seconds.